 Dungeon Crawl Stone Soup version 0.30-a0-989-g0d87f670db (webtiles) character file.

Game seed: 10104894369761554311

107 Maxmaps the Trooper (level 4, -4/37 HPs)
             Began as a Demonspawn Monk on Apr 3, 2023.
             Killed from afar by an orc wizard (11 damage)
             ... with a magic dart
             ... on level 3 of the Dungeon.
             The game lasted 00:03:00 (2666 turns).

Maxmaps the Trooper (Demonspawn Monk)               Turns: 2666, Time: 00:03:02

Health: -4/37      AC:  5    Str: 12    XL:     4   Next: 57%
Magic:  4/4        EV: 11    Int: 13    God:
Gold:   83         SH:  0    Dex: 15    Spells: 3/3 levels left

rFire   . . .      SeeInvis .    j - +0 falchion
rCold   . . .      Faith    .    (no shield)
rNeg    . . .      Spirit   .    i - +0 ring mail
rPois   .          Reflect  .    (helmet restricted)
rElec   .          Rampage  .    (no cloak)
rCorr   .                        (no gloves)
Will    .....                    (no boots)
Stlth   +                        (no amulet)
HPRegen 0.26/turn                (no ring)
MPRegen 0.09/turn                (no ring)

@: lethally poisoned (-4 -> -18), studying Necromancy
A: horns 1, demonic magic 1
a: no special abilities


You were on level 3 of the Dungeon.
You visited 1 branch of the dungeon, and saw 3 of its levels.

You collected 83 gold pieces.

Inventory:

Hand Weapons
 j - a +0 falchion (weapon)
Armour
 a - a +0 robe
 i - a +0 ring mail (worn)
Jewellery
 l - a ring of willpower
 m - a ring of flight
Scrolls
 c - a scroll of teleportation {unknown}
 e - a scroll of silence {unknown}
 h - 2 scrolls of identify {unknown}
 k - a scroll of enchant weapon {unknown}
 n - a scroll of butterflies {unknown}
Potions
 d - a potion of flight {unknown}
 f - a potion of degeneration {unknown}
 g - 2 potions of attraction {unknown}


   Skills:
 - Level 4.1 Fighting
 + Level 2.9 Armour
 - Level 2.6 Dodging
 - Level 1.7 Stealth
 - Level 2.6 Unarmed Combat


You had 3 spell levels left.
You didn't know any spells.
Your spell library contained the following spells:

 Spells                   Type           Power      Damage    Failure   Level
 Cigotuvi's Dreadful Rot  Necr/Pois/Air  0%         N/A       71%         2
 Dispel Undead            Necr           0%         3d6       100%        4
 Death Channel            Necr           0%         N/A       100%        6


Dungeon Overview and Level Annotations

Branches:
Dungeon (3/15)

Altars:
Qazlal


Innate Abilities, Weirdness & Mutations

You have a pair of small horns on your head.
Spells you cast may paralyse adjacent enemies.


Message History

The orc hits you but does no damage.
You hit the orc.
You kill the orc!
You barely miss the orc. Your headbutt misses the orc.
The orc wizard mumbles some strange words.
The orc wizard flickers and vanishes!
Deactivating autopickup; reactivate with Ctrl-A.
The orc completely misses you. The orc hits you with a +0 falchion.
* * * LOW HITPOINT WARNING * * *
You closely miss the orc. The orc hits you but does no damage.
You are confused.
You feel invigorated. The orc hits you but does no damage.
You bump into the rock wall.
The orc misses you.
You slash the orc!
You kill the orc!
You feel less invigorated.
You feel less confused.
You hear some strange, mumbled words.
You are confused.
You bump into the rock wall.
You barely miss something. You punch something.
You hear some strange, mumbled words.
A puff of flame appears from out of thin air!
The puff of flame hits you.
You're too confused to move!
You hear some strange, mumbled words.
A magic dart appears from out of thin air!
The magic dart hits you!
You closely miss something. Your headbutt misses something. Something hits you.
You are poisoned.
Something hits you.
You are lethally poisoned!
You're too confused to move!
You feel less confused.
* * * LOW HITPOINT WARNING * * *
You feel very sick.
You hear some strange, mumbled words.
A magic dart appears from out of thin air!
The magic dart hits you!
You die...

### ##.## #...#
... .# ... ##.##K
#.# ...#. #o# ....
#{# ... #@#######
#.#
#.......######.##.
#######...........
########.### #.#
#.# #.# #.# #.#


You could see an orc.

Vanquished Creatures
  4 adders
  A dart slug (D:3)
  5 orcs (D:3)
  6 ball pythons
  3 endoplasms
  A giant cockroach (D:1)
  7 goblins
  7 hobgoblins
  7 kobolds
  A quokka (D:1)
  7 bats
  6 frilled lizards
  8 rats
63 creatures vanquished.

Notes
Turn   | Place    | Note
-------+----------+-------------------------------------------
     0 | D:1      | Maxmaps the Demonspawn Monk began the quest for the Orb.
     0 | D:1      | Reached XP level 1. HP: 18/18 MP: 1/1
    27 | D:1      | Found a faded altar of an unknown god.
   223 | D:1      | Gained mutation: Spells you cast may paralyse adjacent
                  | enemies. [demonic ancestry]
   223 | D:1      | Reached XP level 2. HP: 23/24 MP: 2/2
   759 | D:1      | Reached skill level 4 in Fighting
   957 | D:1      | Reached XP level 3. HP: 21/30 MP: 3/3
  1493 | D:2      | Reached skill level 1 in Armour
  1702 | D:2      | Found a stormy altar of Qazlal.
  1714 | D:2      | Gained mutation: You have a pair of small horns on your
                  | head. [demonic ancestry]
  1714 | D:2      | Reached XP level 4. HP: 32/37 MP: 4/4
  2666 | D:3      | Killed from afar by an orc wizard

Illustrated notes

Levels and vault maps discovered:
D:1:      dpeg_arrival_shelter, layout_basic, serial_co_window_serial,
          co_window_paths_a, co_window_corner_a, co_window_paths_a,
          co_window_paths_b, co_window_corner_a, co_window_broadway_a,
          co_window_2corner, co_window_broadway_c, co_window_4corner_b,
          co_window_paths_e, glass_columns_c, glass_columns_b, glass_columns_c,
          glass_columns_b, nicolae_ecumenical_snake_handling,
          chequers_serial_rivers_small_b
D:2:      layout_basic, minmay_hexomino_r4
D:3:      layout_loops_corners

Skill      XL: |  1  2  3 |
---------------+----------+-----
Fighting       | 4 |  4.1
Armour         | 2 |  2.9
Dodging        | |  2.6
Stealth        | |  1.7
Unarmed Combat | |  2.6

Action                     |  1- 3 |  4- 6 || total
---------------------------+-------+-------++-------
  Melee: Unarmed           |   160 |       ||   160
         Punch             |     3 |     2 ||     5
         Falchion          |    14 |    58 ||    72
         Headbutt          |       |     4 ||     4
    Use: Potion            |       |     1 ||     1
   Stab: Sleeping          |     3 |       ||     3
 Armour: Robe              |    31 |       ||    31
         Ring mail         |    14 |    16 ||    30
  Dodge: Dodged            |   119 |    26 ||   145

Table legend: (Time is in decaauts)
 A = Elapsed time spent in this place.
 B = Non-inter-level travel time spent in this place.
 C = Inter-level travel time spent in this place.
 D = Time resting spent in this place.
 E = Time spent auto-exploring this place.
 F = Levels seen in this place.
 G = Mean time per level.
                   A        B        C        D        E       F      G
               +--------+--------+--------+--------+--------+-----+--------+
         Total |   2680 |   2646 |     34 |    421 |   1608 |   3 |  893.3 |
       Dungeon |   2680 |   2646 |     34 |    421 |   1608 |   3 |  893.3 |
               +--------+--------+--------+--------+--------+-----+--------+

Top non-repeatable levels by time:
     D:1: 1414 daAuts
     D:2: 889 daAuts
     D:3: 376 daAuts
